 Dungeon Crawl Stone Soup version 0.31.0-11-ge490571c62 (webtiles) character file.

Game seed: 11546755306100742641

96 qw the Shooter (level 4, 0/25 HPs)
             Began as a Deep Elf Hunter on Feb 4, 2024.
             Slain by an orc
             ... wielding a +0 club
              (1 damage)
             ... on level 3 of the Dungeon.
             The game lasted 00:00:04 (1504 turns).

qw the Shooter (Deep Elf Hunter)                    Turns: 1504, Time: 00:00:05

Health: 0/25       AC:  3    Str: 10    XL:     4   Next: 41%
Magic:  6/6        EV: 12    Int: 14    God:
Gold:   160        SH:  0    Dex: 18    Spells: 3/3 levels left

rFire   . . .        a - +0 shortbow
rCold   . . .        (shield currently unavailable)
rNeg    . . .        c - +0 leather armour
rPois   .            (no helmet)
rElec   .            (no cloak)
rCorr   .            (no gloves)
SInv    .            (no boots)
Will    .....        (no amulet)
Stlth   ++           (no ring)
HPRegen 0.24/turn    (no ring)
MPRegen 0.10/turn

%: no passive effects
@: no status effects
A: no striking features
a: no special abilities


You were on level 3 of the Dungeon.
You visited 1 branch of the dungeon, and saw 3 of its levels.

You collected 160 gold pieces.


   Skills:
 - Level 1.5 Fighting
 + Level 7.8 Ranged Weapons
 - Level 2.4 Dodging
 - Level 1.2 Stealth


You had 3 spell levels left.
You didn't know any spells.
Your spell library was empty.

Inventory:

Hand Weapons
 a - a +0 shortbow (weapon)
Armour
 c - a +0 leather armour (worn)
Scrolls
 b - a scroll of torment {unknown}
Potions
 d - a potion of attraction {unknown}

Dungeon Overview and Level Annotations

Branches:
Dungeon (3/15)

Altars:
Qazlal


Message History

The orc wizard flickers and vanishes!
Deactivating autopickup; reactivate with Ctrl-A.
You shoot an arrow. The arrow closely misses the orc.
The orc closely misses you.
You shoot an arrow. The arrow completely misses the orc.
The orc completely misses you.
A ribbon worm comes into view.
You shoot an arrow. The arrow closely misses the orc.
The orc barely misses you.
A hobgoblin comes into view.
The ribbon worm expels a string of sticky webbing.
The stream of webbing hits you but does no damage.
You are caught in a web!
You struggle to detach yourself from the web.
The orc hits you but does no damage. Something hits you.
The web tears apart.
The orc hits you with a +0 mace. Something hits you.
You shoot an arrow.
The arrow hits the orc but does no damage.
The orc is lightly wounded.
The orc closely misses you.
The ribbon worm bites you but does no damage.
You hear some strange, mumbled words.
A magic dart appears from out of thin air!
The magic dart hits you.
You shoot an arrow. The arrow closely misses the orc.
The arrow hits the orc but does no damage.
The orc closely misses you. The ribbon worm bites you!
You shoot an arrow. The arrow barely misses the orc.
The orc hits you with a +0 mace.
You hear some strange, mumbled words.
A magic dart appears from out of thin air!
The magic dart hits you. The orc misses you.
The ribbon worm closely misses you.
You shoot an arrow. The arrow closely misses the orc.
The orc barely misses you.
You hear some strange, mumbled words.
A puff of flame appears from out of thin air!
The puff of flame misses you.
The puff of flame hits the ribbon worm!
The orc hits you with a +0 club.
You die...

... ############.#
..........#.#
..#####........#.#
#..............#.#
###w.........#.# .
#go@.##......#.## .
#..)..o{###.........###.
..####.###.......#..##..
.............#..##.#
...¤.¤¤.......##.##.#
#.#.¤~~.~~.....##.##.#
...#...~.~.¤¤#####....#
.# #.~....¤¤¤# ###...##
#.¤¤...~¤.###...#...


You could see a ribbon worm, 2 orcs and a hobgoblin.

Vanquished Creatures
  2 orc wizards (D:3)
  A dart slug (D:1)
  A ribbon worm (D:3)
  3 orcs (D:3)
  5 endoplasms
  3 giant cockroaches (D:2)
  4 goblins
  A quokka (D:2)
  4 ball pythons
  4 bats
  2 frilled lizards (D:1)
  6 kobolds
  4 rats
40 creatures vanquished.

Notes
Turn   | Place    | Note
-------+----------+-------------------------------------------
     0 | D:1      | qw the Deep Elf Hunter began the quest for the Orb.
     0 | D:1      | Reached XP level 1. HP: 12/12 MP: 3/3
     0 | D:1      | 0 ||| qw: Version: 0.3-a-160-g6735b56
     0 | D:1      | 0 ||| qw: Game counter: 4509
     0 | D:1      | 0 ||| qw: Melee chars always use a shield: true
     0 | D:1      | 0 ||| qw: God list: Okawaru
     0 | D:1      | 0 ||| qw: Allow faded altars: false
     0 | D:1      | 0 ||| qw: Do Orc after clearing Dungeon:15 true
     0 | D:1      | 0 ||| qw: Do second Lair branch before Depths: true
     0 | D:1      | 0 ||| qw: Lair rune preference: random
     0 | D:1      | 0 ||| qw: Goals: Normal
     0 | D:1      | 0 ||| PLANNING D:1-11
   173 | D:1      | Reached skill level 6 in Ranged Weapons
   173 | D:1      | Reached XP level 2. HP: 16/16 MP: 4/4
   649 | D:1      | 649 ||| READING scroll labelled NAGHAO MINUOG.
   650 | D:1      | 650 ||| DROPPING scroll of butterflies.
   895 | D:2      | Reached XP level 3. HP: 20/20 MP: 5/5
  1261 | D:2      | 1261 ||| READING scroll labelled PEMUVE YRPHUELI.
  1262 | D:2      | 1262 ||| READING scroll labelled BUIPYZXO LYSES.
  1263 | D:2      | 1263 ||| READING scroll labelled YBYAMU ZEWNU.
  1335 | D:3      | 1335 ||| FLEEEEING.
  1336 | D:3      | 1336 ||| FLEEEEING.
  1337 | D:3      | 1337 ||| FLEEEEING.
  1338 | D:3      | 1338 ||| FLEEEEING.
  1339 | D:3      | 1339 ||| FLEEEEING.
  1353 | D:3      | HP: 4/20 [orc wizard/+0 dagger (3)]
  1359 | D:3      | HP: 3/20 [orc wizard/+0 dagger (1)]
  1362 | D:3      | 1362 ||| DRINKING lumpy red potion.
  1363 | D:3      | 1363 ||| DRINKING red potion.
  1368 | D:3      | Reached skill level 7 in Ranged Weapons
  1368 | D:3      | Reached XP level 4. HP: 17/25 MP: 6/6
  1473 | D:3      | Found a stormy altar of Qazlal.
  1503 | D:3      | HP: 6/25 [orc/+0 mace (1)]
  1503 | D:3      | HP: 1/25 [something/magic dart (5)]
  1504 | D:3      | Slain by an orc

Levels and vault maps discovered:
D:1:      dpeg_arrival_rhombus, layout_basic
D:2:      layout_loops_ring, grunt_decor_resistance
D:3:      gammafunk_wand_slinger, layout_rooms,
          mainiacjoe_overflow_small_starburst,
          shapermc_ecumenical_altar_mp_urbaneastern, grunt_ministairs_5

Skill      XL: |  1  2  3 |
---------------+----------+-----
Ranged Weapons | 6 7 |  7.8
Fighting       | |  1.5
Dodging        | |  2.4
Stealth        | |  1.2

Action                     |  1- 3 |  4- 6 || total
---------------------------+-------+-------++-------
   Fire: Shortbow          |    83 |    19 ||   102
    Use: Scroll            |     4 |       ||     4
         Potion            |     2 |       ||     2
 Armour: Leather armour    |    18 |    10 ||    28
  Dodge: Dodged            |    10 |    10 ||    20

Table legend:
 A = Non-vault XP
 B = Vault XP
 C = Vault XP percentage of total XP
 D = Non-vault monster count
 E = Vault monster count
 F = Vault count percentage of total count
                 A         B        C        D         E       F
            +---------+---------+-------+---------+---------+-------
      Total |     135 |       3 |   2.2 |      38 |       2 |   5.0
            +---------+---------+-------+---------+---------+-------
        D:1 |      24 |       0 |   0.0 |      16 |       0 |   0.0
        D:2 |      28 |       0 |   0.0 |      16 |       0 |   0.0
        D:3 |      83 |       3 |   3.5 |       6 |       2 |  25.0
            +---------+---------+-------+---------+---------+-------
